 Dungeon Crawl Stone Soup version 0.31-a0-692-gf03d1854d5 (webtiles) character file.

Game seed: 5187968453262323342

12967 Ijustatesigmund the Cleaver (level 12, -1/115 HPs)
             Began as a Hill Orc Fighter on Sept 7, 2023.
             Slain by a vampire knight
             ... wielding a +0 long sword
              (17 damage)
             ... on level 12 of the Dungeon.
             The game lasted 00:20:48 (13969 turns).

Ijustatesigmund the Cleaver (Hill Orc Fighter)     Turns: 13969, Time: 00:20:49

Health: -1/115     AC: 21    Str: 24    XL:     12   Next: 1%
Magic:  12/12      EV:  9    Int:  8    God:
Gold:   273        SH: 10    Dex: 10    Spells: 11/11 levels left

rFire   + . .        a - +1 broad axe
rCold   . . .        c - +1 kite shield {AC+3}
rNeg    + . .        b - +0 chain mail
rPois   +            v - +2 helmet
rElec   .            f - +0 cloak
rCorr   .            (no gloves)
SInv    .            d - +1 pair of boots
Will    .....        (no amulet) Stlth
                     i - ring of poison resistance
HPRegen 0.00/turn    t - ring of positive energy
MPRegen 0.13/turn

%: no passive effects
@: about to teleport, inhibited regen
A: fire resistance 1, inhibited regeneration
a: no special abilities


You were on level 12 of the Dungeon.
You visited 1 branch of the dungeon, and saw 12 of its levels.

You collected 545 gold pieces.
You spent 272 gold pieces at shops.

Inventory:

Hand Weapons
 a - a +1 broad axe (weapon)
 e - a +2 eveningstar of protection
 h - a +1 war axe of freezing
 s - a +1 demon whip of venom
Missiles
 n - 2 throwing nets
Armour
 b - a +0 chain mail (worn)
 c - a +1 kite shield of protection (worn)
 d - a +1 pair of boots (worn)
 f - a +0 cloak (worn)
 v - a +2 helmet (worn)
Jewellery
 i - a ring of poison resistance (left hand)
 t - a ring of positive energy (right hand)
 u - a ring of see invisible
 z - a ring of flight
Wands
 m - a wand of polymorph (15)
 q - a wand of charming (19)
Scrolls
 l - 2 scrolls of teleportation
 x - 4 scrolls of noise
 A - a scroll of identify
Potions
 g - a potion of brilliance
 j - 4 potions of lignification
 k - a potion of attraction
 o - a potion of might


   Skills:
 + Level 13.3 Fighting
 + Level 14.0 Axes
 + Level 8.5 Armour
 - Level 4.2 Dodging
 - Level 7.3 Shields
 - Level 3.5 Evocations


You had 11 spell levels left.
You didn't know any spells.
Your spell library contained the following spells:

 Spells                   Type           Power      Damage    Failure   Level
 Anguish                  Hex/Necr       0%         N/A       100%        4
 Cause Fear               Hex            0%         N/A       100%        4
 Summon Forest            Summ/Tloc      0%         N/A       100%        5
 Eringya's Noxious Bog    Tmut/Pois      0%         4d6       100%        6
 Enfeeble                 Hex            0%         N/A       100%        7
 Summon Hydra             Summ           0%         N/A       100%        7


Dungeon Overview and Level Annotations

Branches:
Dungeon (12/15)            Temple (0/1) D:7            Lair (0/5) D:9
    Orc (0/2) D:11

Altars:
Ru

Shops:
D:7 !   D:9 ?

Annotations:
D:7 3 runed translucent doors, blacky4's ghost, novice TrSh
D:10 3 runed translucent doors, dittoslash's ghost, journeyman AtFi


Innate Abilities, Weirdness & Mutations

Your flesh is heat resistant. (rF+)
You do not regenerate when monsters are visible.


Message History

You closely miss the vampire knight.
The vampire knight is moderately damaged.
You slash the cyan ugly thing! Something hits you but does no damage.
The vampire knight hits you but does no damage.
You block the vampire knight's attack. You block the cyan ugly thing's attack.
You hit the vampire knight but do no damage.
The vampire knight is moderately damaged.
You hit the cyan ugly thing. Something hits you. The vampire knight misses you.
The vampire knight bites you but does no damage.
The cyan ugly thing bites you but does no damage.
You slice the vampire knight!!
The vampire knight is severely damaged.
You hit the cyan ugly thing. Something hits you but does no damage.
The vampire knight casts a spell.
The vampire knight flickers and vanishes!
The cyan ugly thing bites you but does no damage.
You barely miss the cyan ugly thing.
The cyan ugly thing is moderately wounded.
You closely miss something. Something hits you but does no damage.
Something hits you!! Something bites you but does no damage.
The cyan ugly thing bites you.
* * * LOW HITPOINT WARNING * * *
The cyan ugly thing shocks you!
* * * LOW HITPOINT WARNING * * *
You are too injured to fight recklessly!
You are too injured to fight recklessly!
Okay, then.
Okay, then.
As you read the scroll of teleportation, it crumbles to dust.
You feel strangely unstable.
Something hits you but does no damage. x2
Something bites you but does no damage. Something hits you but does no damage.
You block the cyan ugly thing's attack.
You closely miss something.
You completely miss the cyan ugly thing.
You hit something but do no damage.
Something hits you but does no damage. x2
You block something's attack.
The cyan ugly thing bites you but does no damage.
Something hits you but does no damage.
Something hits you but does no damage. x2; Something hits you!
You die...

#..♣..#
#..#####
#♣.♣.♣# #..#
♣♣.♣♣ #..#
#.#########..#
#........####
######.♣.#
+$..#.♣[#
#.yu.♣.#
####{@.# #####


You could see a cyan ugly thing and a vampire mosquito.

Vanquished Creatures
  A boulder beetle (D:12)
  A two-headed ogre (D:10)
  Urug (D:10)
  Amaemon (D:8)
  3 manticores
  A cyclops (D:12)
  An orange demon (D:8)
  Grinder (D:5)
  4 trolls
  A wyvern (D:7)
  Sigmund (D:3)
  9 yaks
  A vampire (D:11)
  4 shadows
  3 steam dragons
  An acid dragon (D:8)
  A warg (D:9)
  An ice beast (D:7)
  9 orc warriors
  A black bear (D:6)
  An ogre (D:5)
  8 centaurs
  A phantom (D:5)
  Blork the orc (D:5)
  4 kobold brigands
  3 bullfrogs
  3 gnoll sergeants
  11 wights
  3 killer bees (D:11)
  3 electric eels (D:11)
  2 howler monkeys
  2 jellies
  11 orc priests
  Crazy Yiuf (D:2)
  2 sleepcaps
  6 iguanas
  Natasha (thrice) (D:2)
  7 orc wizards
  17 gnolls
  9 adders
  An ufetubus (D:7)
  2 worms
  3 dart slugs
  48 orcs
  5 endoplasms
  2 giant cockroaches
  8 goblins
  6 hobgoblins
  24 kobolds
  4 quokkas
  12 ball pythons
  6 bats
  5 rats
270 creatures vanquished.

Vanquished Creatures (collateral kills)
  A warg (D:9)
  A black bear (D:6)
2 creatures vanquished.

Vanquished Creatures (others)
  A yak (D:9)
  A black bear (D:6)
  An orc wizard (D:9)
  2 orcs
5 creatures vanquished.

Grand Total: 277 creatures vanquished

Notes
Turn   | Place    | Note
-------+----------+-------------------------------------------
     0 | D:1      | Ijustatesigmund the Hill Orc Fighter began the quest for
                  | the Orb.
     0 | D:1      | Reached XP level 1. HP: 19/19 MP: 1/1
   227 | D:1      | Reached skill level 3 in Axes
   227 | D:1      | Reached XP level 2. HP: 25/27 MP: 2/2
   395 | D:1      | Found a faded altar of an unknown god.
   546 | D:1      | Reached XP level 3. HP: 32/33 MP: 3/3
   586 | D:2      | Noticed Natasha
   599 | D:2      | Killed Natasha
   982 | D:2      | Reached XP level 4. HP: 40/41 MP: 4/4
  1030 | D:2      | Noticed Natasha
  1038 | D:2      | Killed Natasha
  1039 | D:2      | Reached skill level 4 in Axes
  1141 | D:2      | Noticed Natasha
  1157 | D:2      | HP: 2/41 [cerulean imp/+1 spear[Natasha] (6)]
  1163 | D:2      | Killed Natasha
  1164 | D:2      | Reached XP level 5. HP: 11/47 MP: 5/5
  1452 | D:2      | Reached skill level 5 in Fighting
  1566 | D:2      | Found a runed translucent door.
  1567 | D:2      | Noticed Crazy Yiuf
  1581 | D:2      | Killed Crazy Yiuf
  2192 | D:3      | Found a sacrificial altar of Ru.
  2386 | D:3      | Noticed Sigmund
  2396 | D:3      | Killed Sigmund
  2397 | D:3      | Reached skill level 5 in Axes
  2397 | D:3      | Reached skill level 5 in Armour
  2397 | D:3      | Reached XP level 6. HP: 56/57 MP: 6/6
  3409 | D:5      | Entered Level 5 of the Dungeon
  3409 | D:5      | Noticed Grinder
  3410 | D:5      | Paralysed by Grinder for 4 turns
  3417 | D:5      | Reached XP level 7. HP: 63/63 MP: 7/7
  3422 | D:5      | Paralysed by Grinder for 3 turns
  3437 | D:5      | Paralysed by Grinder for 5 turns
  3452 | D:5      | Killed Grinder
  3453 | D:5      | Reached skill level 6 in Axes
  3737 | D:5      | Reached skill level 7 in Axes
  4026 | D:5      | Reached XP level 8. HP: 68/73 MP: 8/8
  4068 | D:5      | Reached skill level 5 in Shields
  4439 | D:5      | Noticed Blork the orc
  4451 | D:5      | Killed Blork the orc
  5206 | D:6      | Reached skill level 8 in Axes
  5540 | D:6      | Reached XP level 9. HP: 42/82 MP: 9/9
  5841 | D:6      | Reached skill level 9 in Axes
  6647 | D:7      | Found a staircase to the Ecumenical Temple.
  6659 | D:7      | Reached skill level 1 in Dodging
  6664 | D:7      | Found a runed translucent gate.
  6664 | D:7      | Found a runed translucent gate.
  6664 | D:7      | Found a runed translucent gate.
  6669 | D:7      | Noticed blacky4's ghost (novice TrSh)
  6721 | D:7      | Found Jaqo Jeruo's Distillery.
  6724 | D:7      | Bought a potion of heal wounds for 55 gold pieces
  6724 | D:7      | Bought a potion of heal wounds for 55 gold pieces
  6789 | D:7      | Reached skill level 10 in Axes
  7381 | D:8      | Reached skill level 10 in Fighting
  7414 | D:8      | Identified the +6 rapier of Devotion {protect, rC+}
  7513 | D:8      | Noticed Amaemon
  7514 | D:8      | Noticed an orange demon
  7524 | D:8      | Killed Amaemon
  7525 | D:8      | Reached skill level 11 in Axes
  7525 | D:8      | Reached XP level 10. HP: 61/94 MP: 10/10
  7529 | D:8      | Killed an orange demon
  8373 | D:9      | Found a staircase to the Lair.
  9538 | D:10     | Entered Level 10 of the Dungeon
  9667 | D:10     | Reached skill level 1 in Evocations
  9677 | D:10     | Reached skill level 12 in Axes
 10210 | D:9      | Found Otzusono's Magic Scroll Shop.
 10213 | D:9      | Bought a scroll of teleportation for 36 gold pieces
 10213 | D:9      | Bought a scroll of enchant weapon for 90 gold pieces
 10213 | D:9      | Bought a scroll of teleportation for 36 gold pieces
 10326 | D:10     | Reached XP level 11. HP: 95/104 MP: 11/11
 10356 | D:10     | Noticed a two-headed ogre
 10366 | D:10     | Killed a two-headed ogre
 10541 | D:10     | Noticed Urug
 10574 | D:10     | Killed Urug
 10965 | D:10     | Found a runed translucent gate.
 10966 | D:10     | Found a runed translucent gate.
 10967 | D:10     | Found a runed translucent gate.
 10968 | D:10     | Noticed dittoslash's ghost (journeyman AtFi)
 11345 | D:11     | Noticed a manticore
 11354 | D:11     | HP: 4/104 [manticore (8)]
 11356 | D:11     | Killed a manticore
 11868 | D:11     | Reached skill level 13 in Axes
 11901 | D:11     | Gained mutation: You do not regenerate when monsters are
                  | visible. [potion of mutation]
 11901 | D:11     | Gained mutation: Your flesh is heat resistant. (rF+)
                  | [potion of mutation]
 12905 | D:11     | Found a staircase to the Orcish Mines.
 13118 | D:12     | Noticed a manticore
 13127 | D:12     | Killed a manticore
 13522 | D:12     | Noticed a manticore
 13533 | D:12     | Killed a manticore
 13564 | D:12     | Noticed a boulder beetle
 13605 | D:12     | Killed a boulder beetle
 13796 | D:12     | Noticed a cyclops
 13801 | D:12     | Killed a cyclops
 13802 | D:12     | Reached skill level 14 in Axes
 13802 | D:12     | Reached XP level 12. HP: 69/115 MP: 12/12
 13958 | D:12     | Noticed a vampire knight
 13969 | D:12     | Slain by a vampire knight

Illustrated notes

Levels and vault maps discovered:
D:1:      lightli_arrival_quake, layout_rooms,
          shapermc_ecumenical_altar_notcrosses
D:2:      layout_basic, minmay_misc_feat_tiny, uniq_crazy_yiuf_cottage,
          uniq_natasha
D:3:      layout_loops_ring, overflow_temple_1_default, uniq_sigmund
D:4:      layout_basic, chequers_serial_rivers_marsh
D:5:      layout_gridville, uniq_grinder, uniq_blork_the_orc
D:6:      layout_basic
D:7:      layout_loops_corners, minmay_temple_entry_grid,
          gammafunk_ghost_necromancy, serial_shops, kennysheep_mini_moat
D:8:      layout_basic, uniq_amaemon
D:9:      layout_cave_pools, erik_lair_orcish_takeover, serial_shops,
          nicolae_shop_tiny_real_fake_doors
D:10:     layout_cave_pools, gammafunk_ghost_spectres, uniq_urug
D:11:     layout_cave_pools, erik_orc_2, serial_co_window_serial,
          co_window_corner_a, co_window_corner_a, co_window_paths_b,
          co_window_paths_b, co_window_cross_1, co_window_corner_a,
          co_window_unsneaky_path_b, co_window_cross_4, co_window_corner_b,
          co_window_corner_ca, glass_columns_b
D:12:     nzn_winding_woodlands_three_and_one
          [nzn_winding_woodlands_5x15_sidewinder,
          nzn_winding_woodlands_5x15_twine, nzn_winding_woodlands_5x15_crooked,
          nzn_winding_woodlands_center_lodge], layout_loops_cross, serial_shops,
          shop, uniq_frances

Skill      XL: |  1  2  3  4  5  6  7  8  9 10 11 |
---------------+----------------------------------+-----
Axes           | 3 4 5 7 8 11 12 14 | 14.0
Fighting       | 4 5 6 7 8 10 11 13 | 13.3
Armour         | 4 5 6 8 |  8.5
Shields        | 4 6 7 |  7.3
Dodging        | 3 4 |  4.2
Evocations     | 2 3 |  3.5

Action                     |  1- 3 |  4- 6 |  7- 9 | 10-12 || total
---------------------------+-------+-------+-------+-------++-------
  Melee: War axe           |    94 |   187 |   265 |    27 ||   573
         Broad axe         |       |       |       |   377 ||   377
  Evoke: Wand              |       |       |       |    13 ||    13
    Use: Scroll            |       |     3 |     9 |    10 ||    22
         Potion            |       |     2 |     4 |     8 ||    14
 Armour: Chain mail        |    95 |   153 |   203 |   416 ||   867
         Scale mail        |     9 |       |       |       ||     9
  Dodge: Dodged            |    38 |    62 |    74 |   173 ||   347
  Block: Buckler           |    24 |       |       |       ||    24
         Kite shield       |    10 |    79 |   150 |   229 ||   468

Table legend: (Time is in decaauts)
 A = Elapsed time spent in this place.
 B = Non-inter-level travel time spent in this place.
 C = Inter-level travel time spent in this place.
 D = Time resting spent in this place.
 E = Time spent auto-exploring this place.
 F = Levels seen in this place.
 G = Mean time per level.
                   A        B        C        D        E       F      G
               +--------+--------+--------+--------+--------+-----+--------+
         Total |  14170 |  13874 |    296 |   4548 |   7166 |  12 | 1180.8 |
       Dungeon |  14170 |  13874 |    296 |   4548 |   7166 |  12 | 1180.8 |
               +--------+--------+--------+--------+--------+-----+--------+

Top non-repeatable levels by time:
     D:8: 2128 daAuts
    D:11: 1862 daAuts
     D:5: 1783 daAuts
    D:10: 1190 daAuts
     D:2: 1122 daAuts
     D:6: 1092 daAuts
     D:7: 908 daAuts
     D:4: 885 daAuts
    D:12: 852 daAuts
     D:9: 818 daAuts
     D:1: 803 daAuts
     D:3: 722 daAuts
